 Dungeon Crawl Stone Soup version 0.22-a0-284-g99d1f7439c (webtiles) character file.

102 Infinimo the Digger (level 4, 0/24 HPs)
             Began as a Deep Elf Earth Elementalist on Mar 21, 2018.
             Was an Initiate of Vehumet.
             Killed from afar by Terence (7 damage)
             ... with a wand of flame (16)
             ... on level 3 of the Dungeon.
             The game lasted 00:06:25 (2841 turns).

Infinimo the Digger (Deep Elf Earth Elementalist)   Turns: 2841, Time: 00:06:25

Health: 0/24       AC:  3    Str:  5    XL:     4   Next: 49%
Magic:  10/10      EV: 13    Int: 21    God:    Vehumet [......]
Gold:   70         SH:  0    Dex: 15    Spells: 5/9 levels left

rFire    . . .     SeeInvis .   j - +2 dagger (speed)
rCold    . . .     Gourm    .   (no shield)
rNeg     . . .     Faith    .   c - +0 robe
rPois    .         Spirit   .   m - +0 helmet
rElec    .         Reflect  .   (no cloak)
rCorr    .         Harm     .   (no gloves)
MR       .....                  (no boots)
Stlth    ++........             (no amulet)
HPRegen  0.08/turn              (no ring)
MPRegen  0.12/turn              (no ring)

@: no status effects
A: no striking features
a: Renounce Religion


You were on level 3 of the Dungeon.
You worshipped Vehumet.
Vehumet was noncommittal.
You were not hungry.

You visited 1 branch of the dungeon, and saw 3 of its levels.

You collected 70 gold pieces.

Inventory:

Hand Weapons
 j - a +2 dagger of speed (weapon)
Missiles
 g - 53 stones (quivered)
Armour
 c - a +0 robe (worn)
 m - a +0 helmet (worn)
Scrolls
 f - a scroll of amnesia
 n - 3 scrolls of teleportation
Potions
 a - a potion of ambrosia
 b - a potion of heal wounds {unknown}
 e - a potion of flight {unknown}
 i - a potion of magic {unknown}
 o - a potion of curing {unknown}
Comestibles
 d - 5 rations
 h - 2 chunks of flesh


   Skills:
 - Level 2.4 Dodging
 - Level 2.4 Stealth
 - Level 3.0 Spellcasting
   Level 1.1 Transmutations
 + Level 5.9 Earth Magic


You had 5 spell levels left.
You knew the following spells:

 Your Spells              Type           Power        Failure   Level  Hunger
a - Sandblast             Erth           ####..       1%          1    None
b - Stone Arrow           Conj/Erth      ###...       12%         3    ###....


Dungeon Overview and Level Annotations

Branches:
Dungeon (3/15)

Altars:
Nemelex Xobeh
Vehumet
Wu Jian

Annotations:
D:3 Terence


Message History

You butcher the orc corpse.
h - 3 chunks of flesh You see here a flail.
You start resting.
Eating one of 3 chunks of flesh.
You eat one of the 3 chunks of flesh.
This raw flesh tastes terrible.
HP restored.
Done exploring.
Done exploring.
(D) Dungeon
Where to? (Enter - D:3, ? - help)
There is a stone staircase leading down here.
You climb downwards.
The orc hits you with a mace! The orc hits you with a flail.
The orc hits you with a mace.
* * * LOW HITPOINT WARNING * * *
There is a stone staircase leading up here.
Okay, then.
An orc priest comes into view. It is wielding an enchanted dagger.
Terence the Incautious comes into view.
He is wielding a hand axe.
Terence zaps a wand.
The puff of flame hits you!
You die...

. .... #. #.#.###
#.### #.#...#
#...###.###.## o#
##..........##.#
##o...........#.###
#..oo.......@......
#...........8...#..
#....@..!..8_8..#
#...........8...#.#.
#...................
##.......?......#..#
##........o.#)...#
#######....#...##
.....h. ..#
..#..$h...##
####...h.h #


You could see Terence, an orc priest (wandering), 3 orcs and 2 jackals.

Vanquished Creatures
  A gnoll (D:1)
  3 adders (D:2)
  2 worms (D:2)
  A dart slug (D:1)
  4 leopard geckos
  2 orcs (D:2)
  A ball python (D:2)
  5 bats
  A giant cockroach (D:1)
  6 hobgoblins
  12 jackals
  2 frilled lizards
  2 goblins
  3 kobolds (D:1)
  3 rats
48 creatures vanquished.

Notes
Turn   | Place    | Note
-------+----------+-------------------------------------------
     0 | D:1      | Infinimo the Deep Elf Earth Elementalist began the quest for the Orb.
     0 | D:1      | Reached XP level 1. HP: 10/10 MP: 6/6
    96 | D:1      | Reached XP level 2. HP: 15/15 MP: 1/8
    97 | D:1      | Reached skill level 4 in Earth Magic
   396 | D:1      | Reached XP level 3. HP: 19/19 MP: 4/9
   401 | D:1      | Learned a level 3 spell: Stone Arrow
   869 | D:2      | Found a sparkling altar of Nemelex Xobeh.
   881 | D:2      | Reached skill level 5 in Earth Magic
  1409 | D:2      | Found a radiant altar of Vehumet.
  1438 | D:2      | Became a worshipper of Vehumet
  1560 | D:2      | Found an ornate altar of the Wu Jian Council.
  1561 | D:2      | Reached XP level 4. HP: 24/24 MP: 3/10
  2570 | D:3      | Found a faded altar of an unknown god.
  2841 | D:3      | Noticed Terence
  2841 | D:3      | Killed from afar by Terence

Vault maps used:
D:1:      minmay_arrival_four_loops
D:2:      old_standard_altar, nemelex_xobeh_ov_fountains_minmay,
          lemuel_round_altar
D:3:      first_ration, chequers_ecumenical_altar_simple, uniq_ijyb,
          uniq_terence, uniq_crazy_yiuf_cottage

Skill      XL: |  1  2  3 |
---------------+----------+-----
Earth Magic    | 4 5 |  5.9
Dodging        | |  2.4
Stealth        | |  2.4
Spellcasting   | |  3.0
Transmutations | |  1.1

Action                   |  1- 3 |  4- 6 || total
-------------------------+-------+-------++-------
Melee: Dagger            |    31 |    23 ||    54
 Cast: Sandblast         |    31 |       ||    31
       Stone Arrow       |    14 |    21 ||    35
  Use: Scroll            |     4 |     6 ||    10
  Eat: Chunk             |     3 |     3 ||     6
       Ration            |       |     1 ||     1
Armor: Robe              |     9 |     7 ||    16
Dodge: Dodged            |    22 |    33 ||    55

Table legend:
 A = Spawn XP
 B = Non-spawn XP
 C = Spawn XP percentage of total XP
 D = Spawn monster count
 E = Non-spawn monster count
 F = Spawn count percentage of total count
 G = Total turns spent on level
                    A         B        C        D         E        F      G
               +---------+---------+-------+---------+---------+-------+---------
         Total |       0 |     146 |   0.0 |       0 |      48 |   0.0 |  2841
               +---------+---------+-------+---------+---------+-------+---------
           D:1 |       0 |      49 |   0.0 |       0 |      20 |   0.0 |   641
           D:2 |       0 |      94 |   0.0 |       0 |      26 |   0.0 |  2123
           D:3 |       0 |       3 |   0.0 |       0 |       2 |   0.0 |    77
               +---------+---------+-------+---------+---------+-------+---------
